 Dungeon Crawl Stone Soup version 0.30.1-9-gdf580d7c3d (webtiles) character file.

Game seed: 7533123115003614958

300 bearlyready the Chopper (level 6, -2/56 HPs)
             Began as a Hill Orc Reaver on Oct 11, 2023.
             Slain by a quokka (4 damage)
             ... on level 4 of the Dungeon.
             The game lasted 00:04:45 (2150 turns).

bearlyready the Chopper (Hill Orc Reaver)           Turns: 2150, Time: 00:04:45

Health: -2/56      AC:  4    Str: 15 (17) XL:     6   Next: 36%
Magic:  8/8        EV: 11    Int: 11 (13) God:
Gold:   96         SH:  0    Dex:  8 (9)  Spells: 7/8 levels left

rFire   + . .        e - +4 dagger (venom)
rCold   + . .        (no shield)
rNeg    . . .        b - +0 leather armour
rPois   +            g - +0 helmet
rElec   +            (no cloak)
rCorr   +            (no gloves)
SInv    .            (no boots)
Will    +....        (no amulet)
Stlth   +            f - ring of willpower
HPRegen 0.29/turn    n - ring of poison resistance
MPRegen 0.11/turn

%: no passive effects
@: mighty, resistant
A: no striking features
a: no special abilities


You were on level 4 of the Dungeon.
You visited 1 branch of the dungeon, and saw 4 of its levels.

You collected 96 gold pieces.

Inventory:

Hand Weapons
 a - a +0 hand axe
 e - a +4 dagger of venom (weapon)
 s - a +4 short sword
 w - a +2 long sword of holy wrath
Armour
 b - a +0 leather armour (worn)
 g - a +0 helmet (worn)
Jewellery
 f - a ring of willpower (left hand)
 n - a ring of poison resistance (right hand)
 v - a ring of ice
Wands
 u - a wand of digging (8)
Scrolls
 d - a scroll of magic mapping
 h - 2 scrolls of fog
Potions
 j - a potion of curing
 m - a potion of lignification


   Skills:
 + Level 5.5 Fighting
 + Level 7.2 Axes
 - Level 1.5 Dodging
 - Level 1.5 Spellcasting
 - Level 3.0 Conjurations


You had 7 spell levels left.
You knew the following spells:

 Your Spells              Type           Power      Damage    Failure   Level
a - Kiss of Death         Conj/Necr      16%        2d6       21%         1

Your spell library contained the following spells:

 Spells                   Type           Power      Damage    Failure   Level
 Momentum Strike          Conj/Tloc      8%         3d8       30%         2
 Apportation              Tloc           0%         N/A       36%         1
 Beastly Appendage        Tmut           0%         N/A       36%         1
 Slow                     Hex            0%         N/A       36%         1
 Sting                    Tmut/Pois      0%         1d3       36%         1
 Poisonous Vapours        Pois/Air       0%         N/A       50%         2
 Wereblood                Tmut           0%         N/A       50%         2
 Hailstorm                Conj/Ice       4%         3d4       52%         3
 Confusing Touch          Hex            0%         N/A       75%         3
 Spider Form              Tmut/Pois      0%         N/A       75%         3
 Vampiric Draining        Necr           0%         2d6       75%         3
 Olgreb's Toxic Radiance  Pois           0%         N/A       98%         4
 Alistair's Intoxication  Tmut/Pois      0%         N/A       100%        5


Dungeon Overview and Level Annotations

Branches:
Dungeon (4/15)
 Temple: D:4-7

Altars:
Okawaru

Shops:
D:2 !

Portals:
Sewer: D:4

Annotations:
D:4 Sigmund


Message History

You enter the shallow water.
Moving in this stuff is going to be slow.
A quokka and a giant cockroach come into view.
The quokka splashes around in the water.
The quokka misses you.
You hear the brisk rusting of a drain.
The quokka splashes around in the water.
The quokka bites you.
* * * LOW HITPOINT WARNING * * *
The quokka attacks as you move away!
The quokka splashes around in the water.
The quokka bites you but does no damage. x2
The quokka splashes around in the water.
Your unstable footing causes you to fumble your attack.
Something hits you!
* * * LOW HITPOINT WARNING * * *
You writhe in agony.
* * * LOW HITPOINT WARNING * * *
The quokka splashes around in the water.
The quokka bites you but does no damage.
The giant cockroach bites you but does no damage.
The quokka splashes around in the water.
The quokka barely misses you. The quokka closely misses you.
The giant cockroach bites you but does no damage.
You hear a splashing noise.
The quokka splashes around in the water.
The quokka bites you.
* * * LOW HITPOINT WARNING * * *
The quokka splashes around in the water.
The giant cockroach barely misses you. The quokka attacks as you move away!
The quokka splashes around in the water.
The quokka bites you but does no damage.
The quokka misses you.
The quokka twitches its whiskers.
The quokka splashes around in the water.
There is a glowing drain here.
The giant cockroach bites you but does no damage.
The quokka bites you.
You die...

#... *****####* #..#
*,,,,,...* *...
*****,****##.## *...
*,,,,,* #...########..
*,***,* *,#.....o.....
#.###########.########..
#..~~~~~B~~~..# #....
#..~~~~@r{~~..# #.###
##.~~~~rr~o~.## #†#
#############** #.###
*,,,,,* #...h *,***,*
#..## *,* *,* #o.#
*,***,* #..# *,,,,,*
#..# ***,*** #..#


You could see an orc, 3 quokkas and a giant cockroach.

Vanquished Creatures
  A phantom (D:4)
  A scorpion (D:2)
  A hound (D:4)
  5 gnolls
  3 adders
  An orc (D:3)
  6 ball pythons
  2 bats
  5 endoplasms
  3 giant cockroaches
  5 goblins
  4 hobgoblins
  6 jackals
  7 quokkas
  4 frilled lizards
  6 kobolds
  A rat (D:2)
61 creatures vanquished.

Notes
Turn   | Place    | Note
-------+----------+-------------------------------------------
     0 | D:1      | bearlyready the Hill Orc Reaver began the quest for the
                  | Orb.
     0 | D:1      | Reached XP level 1. HP: 18/18 MP: 3/3
   228 | D:1      | Reached XP level 2. HP: 19/23 MP: 4/4
   758 | D:2      | Reached skill level 5 in Axes
   789 | D:2      | Reached XP level 3. HP: 29/31 MP: 5/5
   904 | D:2      | Noticed a scorpion
   910 | D:2      | Killed a scorpion
   911 | D:2      | Reached XP level 4. HP: 29/40 MP: 6/6
   961 | D:2      | Reached skill level 6 in Axes
  1028 | D:2      | Reached XP level 5. HP: 42/46 MP: 7/7
  1301 | D:2      | Found Osynwah's Distillery.
  1828 | D:4      | Found an iron altar of Okawaru.
  1893 | D:4      | Identified the +2 dagger "Giantbane" {freeze, Dex+6}
  2066 | D:4      | Reached skill level 5 in Fighting
  2070 | D:4      | Reached XP level 6. HP: 35/56 MP: 8/8
  2081 | D:4      | Noticed Sigmund
  2114 | D:4      | Reached skill level 7 in Axes
  2139 | D:4      | Found a glowing drain.
  2147 | D:4      | HP: 1/56 [quokka (2)]
  2150 | D:4      | Slain by a quokka

Illustrated notes

Levels and vault maps discovered:
D:1:      saegor_arrival_simple_b, layout_basic
D:2:      layout_basic, serial_shops, shop
D:3:      layout_basic, amcnicky_altar_gilded, hangedman_decor_slide_cut
D:4:      layout_loops_ring, mainiacjoe_overflow_brackets, portal_sewer_entry_f,
          uniq_sigmund, uniq_blork_the_orc

Skill      XL: |  1  2  3  4  5  6 |
---------------+-------------------+-----
Axes           | 5 6 7 |  7.2
Fighting       | 3 4 5 |  5.5
Dodging        | |  1.5
Spellcasting   | |  1.5
Conjurations   | |  3.0

Action                     |  1- 3 |  4- 6 || total
---------------------------+-------+-------++-------
  Melee: Hand axe          |    15 |       ||    15
         Dagger            |    39 |   124 ||   163
         Punch             |       |     1 ||     1
   Cast: Kiss of Death     |     1 |       ||     1
    Use: Scroll            |       |     8 ||     8
         Potion            |       |     6 ||     6
 Armour: Leather armour    |    18 |    35 ||    53
         Skin              |       |    27 ||    27
  Dodge: Dodged            |    26 |    80 ||   106
